 Dungeon Crawl Stone Soup version 0.29.1-15-g9cfb28693d (webtiles) character file.

Game seed: 3323893410148030003

5147 BuddhaDhamma the Severer (level 10, 0/77 HPs)
             Began as a Minotaur Berserker on Mar 4, 2023.
             Was an Elder of Trog.
             Slain by a gnoll
             ... wielding a +2 spear of electrocution
              (10 damage)
             ... on level 8 of the Dungeon.
             The game lasted 00:18:07 (8976 turns).

BuddhaDhamma the Severer (Minotaur Berserker)       Turns: 8976, Time: 00:18:07

Health: 0/77       AC: 21    Str: 27    XL:     10   Next: 33%
Magic:  0/9        EV:  7    Int:  4    God:    Trog [****..]
Gold:   314        SH:  0    Dex:  9    Spells: 9/9 levels left

rFire   . . .      SeeInvis .   j - +1 war axe
rCold   . . .      Faith    .   (no shield)
rNeg    . . .      Spirit   +   e - +0 plate armour
rPois   +          Reflect  .   (helmet restricted)
rElec   .          Harm     .   h - +0 cloak
rCorr   .          Rampage  .   b - +2 pair of gloves
Will    .....                   A - +1 pair of boots
Stlth   ..........              g - amulet of guardian spirit
HPRegen 0.22/turn               c - +4 ring of protection
MPRegen 0.11/turn               i - ring of poison resistance

@: on berserk cooldown, slowed, very slow
A: horns 2, retaliatory headbutt
a: Renounce Religion, Berserk, Trog's Hand, Brothers in Arms


You were on level 8 of the Dungeon.
You worshipped Trog.
Trog was greatly pleased with you.
You visited 1 branch of the dungeon, and saw 8 of its levels.

You collected 576 gold pieces.
You spent 262 gold pieces at shops.

Inventory:

Hand Weapons
 j - a +1 war axe (weapon)
Missiles
 l - 3 boomerangs (quivered)
 v - 10 poisoned darts
Armour
 b - a +2 pair of gloves (worn)
 e - a +0 plate armour (worn)
 h - a +0 cloak (worn)
 A - a +1 pair of boots (worn)
Jewellery
 c - a +4 ring of protection (left hand)
 g - an amulet of guardian spirit (around neck)
 i - a ring of poison resistance (right hand)
Wands
 s - a wand of charming (10)
 u - a wand of iceblast (8)
 z - a wand of digging (3)
Scrolls
 k - a scroll of teleportation
 o - a scroll of identify
 t - 4 scrolls of blinking
 y - a scroll of summoning
Potions
 a - 2 potions of might
 d - 2 potions of flight
 f - a potion of cancellation
 m - a potion of mutation
 n - a potion of brilliance
 p - 3 potions of resistance
 q - a potion of attraction
 r - 4 potions of curing
 w - a potion of haste
 x - 3 potions of heal wounds


   Skills:
 - Level 3.6 Fighting
 + Level 18.0 Axes
 - Level 2.4 Armour
 - Level 2.1 Dodging


You had 9 spell levels left.
You didn't know any spells.
Your spell library was empty.

Dungeon Overview and Level Annotations

Branches:
Dungeon (8/15)             Temple (0/1) D:6
   Lair: D:8-11

Altars:
Cheibriados
Gozag
Makhleb
Okawaru
Qazlal
Sif Muna
Wu Jian
Xom

Shops:
D:2 **=*   D:3 **   D:6 ![*   D:8 [

Annotations:
D:8 1 transporter


Innate Abilities, Weirdness & Mutations

You have a pair of horns on your head.
You reflexively headbutt those who attack you in melee.


Message History

You hit the gnoll sergeant.
The gnoll hits you from afar with a +0 halberd.
The gnoll sergeant hits you with the +2 trident of Cowardice {pain, rF+ Will+}.
You writhe in agony.
The gnoll barely misses you.
You closely miss the gnoll. The gnoll sergeant blocks your attack.
You slash the gnoll!
You kill the gnoll!
Trog accepts your kill.
You hit the gnoll sergeant. The gnoll hits you but does no damage.
The gnoll sergeant hits you but does no damage.
The gnoll hits you but does no damage.
The gnoll hits you with a +0 spear of electrocution.
* * * LOW HITPOINT WARNING * * *
The gnoll hits you with a +0 halberd!
* * * LOW HITPOINT WARNING * * *
The gnoll sergeant hits you from afar with the +2 trident of Cowardice {pain, rF+ Will+}.
* * * LOW HITPOINT WARNING * * *
You writhe in agony.
* * * LOW HITPOINT WARNING * * *
Items here: )) / [.
You slash the gnoll!
You kill the gnoll!
Trog accepts your kill.
You slash the gnoll!
You kill the gnoll!
Trog accepts your kill.
You are no longer berserk.
You are exhausted.
You feel yourself slow down.
Things that are here:
a +0 halberd; a gnoll corpse The gnoll zaps a wand.
The puff of flame hits you.
* * * LOW HITPOINT WARNING * * *
The gnoll sergeant hits you but does no damage.
You writhe in agony.
* * * LOW HITPOINT WARNING * * *
Things that are here:
a +0 halberd; a gnoll corpse The gnoll hits you but does no damage. x2; You are electrocuted!
You die...

.....≈≈####.....####≈≈..#
.(...≈≈#..#8###8#..#≈≈..#
.....≈≈#..###.###..#≈≈..#
.....≈≈#...........#≈≈..#
.....≈≈###.##'##.###≈≈..#
.....≈≈..#.#...#.#..≈≈..#
.....≈≈.##.'...g.##.≈≈..#
#....≈≈.#..#...#)g#.≈≈..#
.....≈≈.##.##.##@##.≈≈..#
###......#.#...#g#..≈≈..#
# ##....©#.'g©)'g#©.~~..#
#.[...#.#8⌠8#.#..≈≈..#
#.≈≈.##.#####.##.≈≈.##
#.≈≈.#©.#.g.#..#.≈≈.#
#.≈≈.##.#)..#.##.≈≈.#
#.≈≈..#.#...#.#..≈≈.#
#.≈≈###.##'##.###≈≈.#


You could see a gnoll sergeant and 3 gnolls.

Vanquished Creatures
  The ghost of Jingleheimer the Slicer, a novice VSFi of Hepliaklqana (D:8)
  A hornet (D:8)
  10 yaks (D:8)
  An acid dragon (D:5)
  2 water moccasins
  4 ice beasts
  An ogre (D:7)
  A sky beast (D:7)
  3 centaurs
  A phantom (D:5)
  2 bullfrogs
  3 necrophages
  2 gnoll sergeants (D:8)
  2 scorpions
  5 wights
  5 hounds
  3 orc priests
  A gnoll bouda (D:3)
  4 jellies
  4 iguanas
  11 orc wizards
  4 adders
  18 gnolls
  A shadow imp (D:7)
  An ufetubus (D:5)
  8 worms
  A dart slug (D:1)
  22 orcs
  5 ball pythons
  9 bats
  8 endoplasms
  13 giant cockroaches
  13 goblins
  4 hobgoblins (D:2)
  5 jackals (D:1)
  6 kobolds
  4 quokkas
  A frilled lizard (D:1)
  9 rats
199 creatures vanquished.

Vanquished Creatures (others)
  9 plants
9 creatures vanquished.

Grand Total: 208 creatures vanquished

Notes
Turn   | Place    | Note
-------+----------+-------------------------------------------
     0 | D:1      | BuddhaDhamma the Minotaur Berserker began the quest for the
                  | Orb.
     0 | D:1      | Reached XP level 1. HP: 19/19 MP: 0/0
     1 | D:1      | Found a runed translucent door.
    50 | D:1      | Reached skill level 4 in Axes
   101 | D:1      | Reached XP level 2. HP: 11/26 MP: 1/1
   817 | D:1      | Reached skill level 5 in Axes
   995 | D:1      | Reached XP level 3. HP: 31/31 MP: 2/2
  1097 | D:1      | Reached ** piety under Trog
  1515 | D:2      | Reached skill level 6 in Axes
  1515 | D:2      | Reached XP level 4. HP: 39/39 MP: 3/3
  1548 | D:2      | Found Xaum's General Store.
  1587 | D:2      | Found Woiham's Jewellery Emporium.
  1612 | D:2      | Found a faded altar of an unknown god.
  1965 | D:2      | Reached skill level 7 in Axes
  1965 | D:2      | Reached XP level 5. HP: 43/45 MP: 4/4
  2078 | D:2      | Found Qehiast's Assorted Antiques.
  2107 | D:2      | Found Sycuop's General Store.
  2223 | D:2      | Reached *** piety under Trog
  2336 | D:3      | Found Exuid's General Store.
  2365 | D:3      | Found Lonaus's Assorted Antiques.
  2458 | D:3      | Reached skill level 8 in Axes
  2520 | D:3      | Reached XP level 6. HP: 51/51 MP: 5/5
  2748 | D:3      | Found a burning altar of Makhleb.
  3300 | D:4      | Found an iron altar of Okawaru.
  4359 | D:5      | Entered Level 5 of the Dungeon
  4459 | D:5      | Identified the +4 whip of True Grit {vorpal, rC- rN++ MP+9}
  4471 | D:5      | Found an opulent altar of Gozag.
  4544 | D:5      | Reached skill level 9 in Axes
  4953 | D:5      | Noticed an ice beast
  4961 | D:5      | Killed an ice beast
  4962 | D:5      | Reached XP level 7. HP: 57/57 MP: 6/6
  5043 | D:5      | Reached skill level 10 in Axes
  5685 | D:5      | Noticed a fire elemental
  5691 | D:5      | Found a stormy altar of Qazlal.
  5697 | D:5      | Noticed an air elemental
  5697 | D:5      | Noticed a water elemental
  5771 | D:5      | Reached skill level 11 in Axes
  5971 | D:5      | Reached **** piety under Trog
  6272 | D:6      | Reached XP level 8. HP: 62/64 MP: 7/7
  6303 | D:6      | Found Voneumet's Assorted Antiques.
  6419 | D:6      | Found a staircase to the Ecumenical Temple.
  6455 | D:6      | Found Qyereew's Armour Shoppe.
  6465 | D:6      | Found Hilofulo's Distillery.
  6476 | D:6      | Reached skill level 12 in Axes
  6557 | D:6      | Found a shimmering blue altar of Sif Muna.
  7000 | D:7      | Reached skill level 13 in Axes
  7243 | D:7      | Reached skill level 14 in Axes
  7279 | D:7      | Reached XP level 9. HP: 70/70 MP: 8/8
  7305 | D:7      | Found an ornate altar of the Wu Jian Council.
  7720 | D:7      | Reached skill level 15 in Axes
  7814 | D:8      | Found a shimmering altar of Xom.
  7866 | D:8      | Reached skill level 16 in Axes
  8150 | D:8      | Found a transporter.
  8154 | D:8      | Found a transporter.
  8381 | D:8      | Found Jurufi's Antique Armour Emporium.
  8383 | D:8      | Found the +8 arc blade {discharge, rElec}
  8419 | D:8      | Reached skill level 17 in Axes
  8419 | D:8      | Reached XP level 10. HP: 68/77 MP: 9/9
  8484 | D:8      | Bought a pair of runed boots for 262 gold pieces
  8665 | D:8      | Found a snail-covered altar of Cheibriados.
  8890 | D:8      | Identified the ring of Awote {Int+3 Dex+6}
  8893 | D:8      | Identified the +2 trident of Cowardice {pain, rF+ Will+}
  8893 | D:8      | Identified the +3 kite shield of Ludaravy {rF+ Slay+2}
  8893 | D:8      | Noticed Jingleheimer's ghost (novice VSFi)
  8963 | D:8      | Killed Jingleheimer's ghost
  8964 | D:8      | Reached skill level 18 in Axes
  8976 | D:8      | Slain by a gnoll

Illustrated notes

Levels and vault maps discovered:
D:1:      dpeg_arrival_caged_fury, layout_basic, minmay_cupped
D:2:      layout_basic, shapermc_ecumenical_altar_acropolis, serial_shops,
          nicolae_shop_stone, nicolae_shop_hallway_plus, nicolae_shop_crystal,
          nicolae_lakefront_shop, grunt_ministairs_2, minmay_goblin_kobold_house
D:3:      layout_loops_corners, bloody_makhleb, serial_shops, shop,
          nicolae_shop_overgrown_old_shop, dk_noncrumbling_3
D:4:      layout_loops_corners, mainiacjoe_overflow_cross_hatched
D:5:      layout_loops_corners, nicolae_qazlal_style_of_elements,
          mainiacjoe_overflow_brackets, kennysheep_dice
D:6:      layout_basic, mainiacjoe_overflow_24_doors,
          minmay_temple_entry_statues_fountains, serial_shops, shop, shop, shop,
          kennysheep_generic_room_7
D:7:      layout_loops_ring, pdpol_wu_jian_five_deadly_venoms
D:8:      minmay_flawed_box, layout_cave_pools, cheibrodos_worm_habitat,
          mainiacjoe_overflow_six_doors_small, enter_bailey_2,
          gammafunk_ghost_gnarly_gnolls, serial_shops, nicolae_shop_waterfront,
          kennysheep_generic_room_15

Skill      XL: |  1  2  3  4  5  6  7  8  9 10 |
---------------+-------------------------------+-----
Axes           | 4 5 6 7 8 9 11 14 17 18 | 18.0
Fighting       | |  3.6
Armour         | |  2.4
Dodging        | |  2.1

Action                   |  1- 3 |  4- 6 |  7- 9 | 10-12 || total
-------------------------+-------+-------+-------+-------++-------
Melee: Hand axe          |    77 |     3 |       |       ||    80
       Headbutt          |     8 |    16 |    41 |    10 ||    75
       Punch             |     1 |     2 |     2 |     2 ||     7
       War axe           |       |   108 |   218 |    48 ||   374
Throw: Boomerang         |    17 |    14 |     1 |       ||    32
Invok: Berserk           |     1 |     2 |     4 |     2 ||     9
  Use: Scroll            |       |    16 |     6 |       ||    22
       Potion            |       |       |     1 |       ||     1
Armor: Animal skin       |     6 |       |       |       ||     6
       Chain mail        |    17 |    44 |       |       ||    61
       Plate armour      |       |    17 |   164 |    32 ||   213
Dodge: Dodged            |    40 |    44 |    75 |    20 ||   179
